 Dungeon Crawl Stone Soup version 0.30.1-3-gfc49f6343a (webtiles) character file.

Game seed: 12180718959608718879

18573 spardeous the Thaumaturge (level 12, -28/101 HPs)
             Began as a Demigod Earth Elementalist on July 19, 2023.
             Annihilated by Rupert
             ... wielding a +4 heavy battleaxe
              (52 damage)
             ... on level 12 of the Dungeon.
             The game lasted 00:35:55 (17619 turns).

spardeous the Thaumaturge (DgEE)                   Turns: 17619, Time: 00:35:56

Health: -28/101    AC: 12    Str: 13    XL:     12   Next: 2%
Magic:  27/30      EV: 11    Int: 35    God:
Gold:   870        SH:  0    Dex: 14    Spells: 19/31 levels left

rFire   . . .        a - +7 staff of the Meek {protect, meekguard}
rCold   . . .        (shield currently unavailable)
rNeg    . . .        K - +0 acid dragon scales
rPois   +            r - +0 helmet
rElec   .            k - +0 cloak
rCorr   +            (no gloves)
SInv    .            t - +0 pair of boots
Will    +....        (no amulet)
Stlth   +++          o - ring "Aciys" {Int+6 Stlth+}
HPRegen 0.36/turn    O - ring of poison resistance
MPRegen 0.22/turn

%: no passive effects
@: about to teleport, liquefying, slowed movement, very slow
A: high MP 1, forlorn, divine attributes
a: no special abilities


You were on level 12 of the Dungeon.
You visited 2 branches of the dungeon, and saw 13 of its levels.
You also visited: Sewer and Ossuary.

You collected 870 gold pieces.

Inventory:

Hand Weapons
 a - the +7 staff of the Meek (weapon) {protect, meekguard}
   (You found it on level 3 of the Dungeon)
Armour
 k - a +0 cloak (worn)
 r - a +0 helmet (worn)
 t - a +0 pair of boots (worn)
 v - a +3 leather armour of fire resistance
 w - a +0 troll leather armour
 G - an orb of mayhem
 H - a +0 robe of cold resistance
 K - +0 acid dragon scales (worn)
 P - a +0 chain mail of willpower
Jewellery
 o - the ring "Aciys" (left hand) {Int+6 Stlth+}
   (You found it on level 3 of the Dungeon)

   [ring of intelligence]

   Int:       It affects your intelligence (+6).
   Stlth:     It makes you more stealthy.
 O - a ring of poison resistance (right hand)
 R - a ring of see invisible
Wands
 n - a wand of charming (9)
 s - a wand of flame (60)
 x - a wand of acid (5)
Scrolls
 c - 7 scrolls of teleportation
 d - a scroll of identify
 f - 2 scrolls of enchant weapon {unknown}
 g - 3 scrolls of brand weapon {unknown}
 h - 4 scrolls of fear {unknown}
 i - a scroll of torment
 j - 3 scrolls of blinking {unknown}
 m - 3 scrolls of amnesia {unknown}
 y - 2 scrolls of enchant armour
 A - 2 scrolls of summoning
 D - 4 scrolls of fog {unknown}
 J - a scroll of magic mapping
 L - 2 scrolls of immolation
 N - a scroll of vulnerability
 Q - 2 scrolls of noise
Potions
 b - a potion of magic
 e - 3 potions of flight
 l - a potion of curing
 p - 8 potions of lignification {unknown}
 q - a potion of haste
 u - 2 potions of heal wounds
 z - 3 potions of degeneration {unknown}
 B - 3 potions of might
 C - 2 potions of invisibility
 E - 2 potions of mutation
 F - 2 potions of attraction
 I - a potion of cancellation
 M - 8 potions of ambrosia


   Skills:
 - Level 8.0 Fighting
 - Level 8.0 Armour
 - Level 1.7 Dodging
 - Level 1.7 Stealth
 - Level 10.1 Spellcasting
 - Level 6.0 Conjurations
 + Level 5.8 Transmutations
 - Level 7.0 Earth Magic


You had 19 spell levels left.
You knew the following spells:

 Your Spells              Type           Power      Damage    Failure   Level
a - Sandblast             Erth           100%       2d20      1%          1
b - Stone Arrow           Conj/Erth      100%       3d13      1%          3
c - Petrify               Tmut/Erth      58%        N/A       2%          4
d - Leda's Liquefaction   Hex/Erth       21%        N/A       8%          4

Your spell library contained the following spells:

 Spells                   Type           Power      Damage    Failure   Level
 Sting                    Tmut/Pois      100%       1d8       1%          1
 Passwall                 Tmut/Erth      48%        N/A       1%          2
 Dazzling Flash           Conj/Hex       76%        N/A       3%          3
 Hailstorm                Conj/Ice       38%        3d9       3%          3
 Spider Form              Tmut/Pois      37%        N/A       3%          3
 Ensorcelled Hibernation  Hex/Ice        34%        N/A       4%          2
 Sublimation of Blood     Necr           17%        N/A       4%          2
 Ignite Poison            Fire/Tmut/Pois 31%        N/A       4%          3
 Call Canine Familiar     Summ           17%        N/A       10%         3
 Frozen Ramparts          Ice            34%        1d6       10%         3
 Portal Projectile        Hex/Tloc       34%        N/A       10%         3
 Vampiric Draining        Necr           17%        2d7       10%         3
 Volatile Blastmotes      Fire/Tloc      34%        2d12      10%         3
 Ice Form                 Ice/Tmut       37%        N/A       10%         4
 Iskenderun's Mystic Bla  Conj/Tloc      38%        2d9       10%         4
 Sticky Flame             Conj/Fire      38%        2d6       10%         4
 Anguish                  Hex/Necr       8%         N/A       32%         4
 Summon Ice Beast         Ice/Summ       17%        N/A       32%         4
 Starburst                Conj/Fire      19%        6d7       83%         6
 Simulacrum               Ice/Necr       8%         N/A       99%         6
 Ignition                 Fire           8%         3d5       100%        8


Dungeon Overview and Level Annotations

Branches:
Dungeon (12/15)            Temple (1/1) D:5            Lair (0/5) D:10
    Orc (0/2) D:12          Sewer (visited)         Ossuary (visited)

Shops:
D:8 (   D:10 =   D:11 ?

Annotations:
D:12 Rupert


Innate Abilities, Weirdness & Mutations

You have an increased reservoir of magic. (+10% MP)
You shall have no god before yourself.
Your divine heritage dramatically boosts your attributes as you level up.


Message History

Hit: a) +7 staff of the Meek {protect, meekguard}
Press: ? - help, Dir - move target, f - you, p - Rupert
Okay, then.
Aiming: Corrosive Bolt
Press: ? - help, Shift-Dir - straight line, f/p - Rupert
Aim: Rupert, wielding a +4 heavy battleaxe and wearing a +0 chain mail (covering ground slowly, 79% to hit)
The bolt of acid hits Rupert.
Rupert is lightly wounded.
You sock Rupert!
Your weapon exudes an aura of protection.
Rupert is lightly wounded.
Rupert hits you with a +4 heavy battleaxe!!
Casting: Leda's Liquefaction (dangerous; 8% risk of failure)
Confirm with . or Enter, or press ? or * to list all spells.
Okay, then.
You closely miss Rupert.
Rupert is lightly wounded.
Rupert roars madly and goes into a rage!
Rupert goes berserk!
Casting: Leda's Liquefaction (dangerous; 8% risk of failure)
Confirm with . or Enter, or press ? or * to list all spells.
Aiming: Stone Arrow (safe; 1% risk of failure)
Press: ? - help, Shift-Dir - straight line, f/p - Rupert
Aim: Rupert, wielding a +4 heavy battleaxe and wearing a +0 chain mail (lightly wounded, berserk, covering ground slowly, 84% to hit)
The stone arrow hits Rupert!
Rupert is lightly wounded.
Rupert hits you with a +4 heavy battleaxe!!
Okay, then.
As you read the scroll of teleportation, it crumbles to dust.
You feel strangely unstable.
Rupert hits you with a +4 heavy battleaxe!
Okay, then.
Rupert attacks as you move away! Rupert barely misses you.
The boulder beetle curls into a ball and begins rolling!
Rupert hits you with a +4 heavy battleaxe!!!
* * * LOW HITPOINT WARNING * * *
You feel much better.
Rupert hits you with a +4 heavy battleaxe!!!
Ouch! That really hurt!
You die...

#.# #........###### #.#.#
##.# #........########.#.#
...# ####.....(..<..##....
#### #...........####
#########...........####.#.#
....................>......#
.....<###............###.###
####### #######)####.###....
....# #.@@B°°.....# ....#
######'###.## ....#
#............ ....#
#....@....##$ ....#
#.........# ....#
#####°##### )...# #°# .(..#
#.# ....# ...


You could see Rupert (berserk) and a boulder beetle (rolling).

Vanquished Creatures
  Nessos (D:12)
  Erica (D:10)
  3 two-headed ogres
  Urug (D:10)
  A deep elf pyromancer (D:12)
  Pikel (D:4)
  An ugly thing (D:8)
  2 gargoyles
  An unseen horror (D:10)
  A kobold demonologist (D:11)
  A queen bee (D:10)
  3 trolls
  A hornet (D:9)
  2 shadows
  A wraith (D:12)
  3 wyverns
  13 yaks
  6 vampire mosquitoes
  Grum (D:11)
  An acid dragon (D:8)
  5 water moccasins
  4 black bears
  2 sky beasts
  An ice beast (D:5)
  3 orc warriors
  4 wolves (D:11)
  An ogre (D:5)
  A phantom (D:6)
  5 centaurs
  A lemure (D:3)
  4 kobold brigands
  2 elf zombies (Ossuary)
  5 bullfrogs
  A gnoll sergeant (D:12)
  A scorpion (D:10)
  12 wights
  50 killer bees
  6 electric eels (D:12)
  5 howler monkeys
  4 jellies
  4 centaur zombies (Ossuary)
  Crazy Yiuf (D:4)
  2 gnoll boudas
  5 orc priests
  A sleepcap (D:5)
  Ijyb (D:4)
  4 iguanas
  10 orc wizards
  2 mummies (Ossuary)
  Robin (D:3)
  15 gnolls
  7 adders
  2 river rats (Sewer)
  A shadow imp (D:7)
  3 white imps
  2 ufetubi
  2 adder zombies (Ossuary)
  3 worms
  7 dart slugs
  38 orcs
  7 bats
  9 endoplasms
  A giant cockroach (D:1)
  14 goblins
  6 hobgoblins
  2 jackals (Sewer)
  22 kobolds
  4 quokkas
  5 ball pythons
  3 frilled lizards
  A goblin zombie (Ossuary)
  6 hobgoblin zombies (Ossuary)
  A jackal zombie (Ossuary)
  11 kobold zombies (Ossuary)
  8 orc zombies (Ossuary)
  9 rats
  A rat zombie (Ossuary)
383 creatures vanquished.

Notes
Turn   | Place    | Note
-------+----------+-------------------------------------------
     0 | D:1      | spardeous the Demigod Earth Elementalist began the quest
                  | for the Orb.
     0 | D:1      | Reached XP level 1. HP: 14/14 MP: 5/5
   223 | D:1      | Reached XP level 2. HP: 20/20 MP: 1/7
  1315 | D:2      | Reached XP level 3. HP: 26/26 MP: 5/8
  1888 | D:3      | Identified the ring "Aciys" {Int+6 Stlth+}
  1989 | D:3      | Reached XP level 4. HP: 31/33 MP: 1/9
  2092 | D:3      | Noticed Robin
  2097 | D:3      | Killed Robin
  2198 | D:3      | Found a glowing drain.
  2200 | D:3      | Reached skill level 5 in Earth Magic
  2210 | Sewer    | Entered a sewer
  2431 | Sewer    | Noticed a kobold brigand
  2463 | Sewer    | Killed a kobold brigand
  2464 | Sewer    | Reached skill level 2 in Spellcasting
  2464 | Sewer    | Reached XP level 5. HP: 19/38 MP: 6/12
  2617 | D:3      | Reached skill level 3 in Spellcasting
  3203 | D:3      | Found the +7 staff of the Meek {protect, meekguard}
  3357 | D:4      | Noticed a black bear
  3373 | D:3      | Killed a black bear
  3374 | D:3      | Reached skill level 4 in Spellcasting
  3374 | D:3      | Reached XP level 6. HP: 28/45 MP: 10/15
  3458 | D:4      | Noticed Ijyb
  3463 | D:4      | Noticed Pikel
  3467 | D:4      | Killed Ijyb
  3660 | D:4      | Reached skill level 1 in Armour
  3712 | D:4      | Reached skill level 1 in Fighting
  3978 | D:4      | Killed Pikel
  3979 | D:4      | Reached XP level 7. HP: 43/57 MP: 10/16
  4195 | D:4      | Found a runed translucent door.
  4196 | D:4      | Noticed Crazy Yiuf
  4494 | D:4      | Killed Crazy Yiuf
  4541 | D:5      | Entered Level 5 of the Dungeon
  4692 | D:5      | Found a sand-covered staircase.
  4708 | Ossuary  | Entered an ossuary
  4919 | Ossuary  | Reached XP level 8. HP: 55/66 MP: 12/17
  5105 | Ossuary  | Reached skill level 5 in Armour
  5374 | D:5      | Reached skill level 5 in Fighting
  5381 | D:5      | Learned a level 3 spell: Stone Arrow
  5386 | D:5      | Learned a level 4 spell: Petrify
  5391 | D:5      | Learned a level 4 spell: Leda's Liquefaction
  5409 | D:5      | Reached skill level 1 in Conjurations
  5663 | D:5      | Found a staircase to the Ecumenical Temple.
  6045 | Temple   | Entered the Ecumenical Temple
  6573 | D:6      | Reached XP level 9. HP: 74/74 MP: 13/18
  7613 | D:7      | Reached skill level 5 in Conjurations
  8140 | D:7      | Got Sif Muna's Atlas of Infected Wicked Ceremonies
  9209 | D:8      | Found Wedutiab's Antique Weapon Shoppe.
  9241 | D:8      | Noticed a purple ugly thing
  9605 | D:8      | Killed a purple ugly thing
  9857 | D:8      | Reached XP level 10. HP: 81/81 MP: 15/19
 10634 | D:9      | Reached skill level 5 in Spellcasting
 10904 | D:9      | Reached skill level 6 in Spellcasting
 11138 | D:9      | Reached skill level 7 in Spellcasting
 12015 | D:10     | Entered Level 10 of the Dungeon
 12176 | D:10     | Reached skill level 8 in Spellcasting
 12353 | D:10     | Found a staircase to the Lair.
 12464 | D:10     | Noticed Erica
 12477 | D:10     | Killed Erica
 12620 | D:10     | Reached skill level 9 in Spellcasting
 12620 | D:10     | Reached XP level 11. HP: 49/86 MP: 13/28
 13721 | D:10     | Found Sukkatt's Jewellery Shoppe.
 14801 | D:10     | Noticed Urug
 14809 | D:10     | Killed Urug
 14810 | D:10     | Reached skill level 10 in Spellcasting
 15123 | D:11     | Noticed a two-headed ogre
 15153 | D:11     | Killed a two-headed ogre
 15450 | D:11     | Noticed a two-headed ogre
 15458 | D:11     | Killed a two-headed ogre
 15552 | D:11     | Noticed Grum
 15560 | D:11     | Killed Grum
 15893 | D:11     | Reached skill level 1 in Transmutations
 16087 | D:11     | Found Wiedelo's Magic Scroll Boutique.
 16469 | D:12     | Noticed a deep elf pyromancer
 16473 | D:12     | Killed a deep elf pyromancer
 16639 | D:12     | Found a staircase to the Orcish Mines.
 16650 | D:12     | Noticed a two-headed ogre
 16655 | D:12     | Killed a two-headed ogre
 16709 | D:12     | Got the Elucidation of Burning
 17036 | D:12     | Noticed Nessos
 17054 | D:12     | Killed Nessos
 17055 | D:12     | Reached skill level 5 in Transmutations
 17411 | D:12     | Reached XP level 12. HP: 101/101 MP: 27/30
 17602 | D:12     | Noticed Rupert
 17605 | D:12     | Noticed a boulder beetle
 17605 | D:12     | Paralysed by Rupert for 4 turns
 17618 | D:12     | HP: 2/101 [Rupert/+4 heavy battleaxe (44)]
 17619 | D:12     | Annihilated by Rupert

Illustrated notes

Levels and vault maps discovered:
D:1:      amcnicky_arrival_wind_blow, layout_basic,
          ebering_ecumenical_altar_abandoned
D:2:      layout_loops_cross
D:3:      layout_loops_ring, cheibrodos_sewer_entry_drain,
          pf_guarded_unrand_meek, uniq_robin
D:4:      layout_rooms, serial_aquarium, aquarium_bridge_square
          [aquarium_subvault_wall, aquarium_subvault_bridge,
          aquarium_subvault_wall, aquarium_subvault_wall], aquarium_window_fake,
          aquarium_window_1, aquarium_view_2c, aquarium_pool_side, uniq_pikel,
          uniq_crazy_yiuf_cottage, uniq_ijyb
D:5:      nicolae_cairo_tiling_very_big, layout_layer_cave, old_standard_altar,
          mainiacjoe_overflow_catwalk_spiral, minmay_temple_entry_slanted,
          lightli_ossuary_entry_decrepit_ruins
D:6:      layout_basic, zin_academy, gammafunk_temple_overflow_wave
D:7:      layout_basic, mainiacjoe_overflow_concentric_impassable
D:8:      kennysheep_big_flooded_room, layout_basic, tgw_sif, serial_shops,
          shop, serial_curves, eino_curves_02, eino_curves_01
D:9:      layout_basic
D:10:     layout_loops_ring, mainiacjoe_overflow_alcove_1,
          general_overflow_altar, due_lair_maze_entry_diamond, special_room
          [special_room_bee], serial_shops, nicolae_shop_trees, uniq_erica,
          uniq_urug
D:11:     layout_basic, serial_shops, shop, uniq_grum
D:12:     layout_basic, orc_0_dummy, uniq_nessos, uniq_lodul, uniq_rupert
Temple:   nicolae_temple_bog_church

Skill      XL: |  1  2  3  4  5  6  7  8  9 10 11 |
---------------+----------------------------------+-----
Earth Magic    | 3 4 5 7 |  7.0
Spellcasting   | 2 4 9 10 | 10.1
Armour         | 4 5 8 |  8.0
Fighting       | 3 4 5 8 |  8.0
Conjurations   | 4 6 |  6.0
Transmutations | 5 |  5.8
Dodging        | |  1.7
Stealth        | |  1.7

Action                     |  1- 3 |  4- 6 |  7- 9 | 10-12 || total
---------------------------+-------+-------+-------+-------++-------
  Melee: Unarmed           |     3 |    13 |       |       ||    16
         Quarterstaff      |       |    10 |       |     5 ||    15
   Cast: Sandblast         |    73 |   102 |   222 |   162 ||   559
         Stone Arrow       |       |       |    16 |   140 ||   156
         Leda's Liquefacti |       |       |       |     3 ||     3
         Petrify           |       |       |       |     1 ||     1
  Evoke: Wand              |       |       |       |     3 ||     3
    Use: Scroll            |       |       |     1 |    14 ||    15
         Potion            |       |       |       |     6 ||     6
 Armour: Robe              |     9 |     6 |       |       ||    15
         Leather armour    |       |    31 |    79 |       ||   110
         Acid dragon scale |       |       |     2 |   138 ||   140
  Dodge: Dodged            |    11 |    44 |    94 |   160 ||   309
